 Dungeon Crawl Stone Soup version 0.28.0-53-g5a82cb258f (webtiles) character file.

Game seed: 18358158878506553650

71 SanguineChosen the Shield-Bearer (level 4, -1/29 HPs)
             Began as a Gargoyle Fighter on July 16, 2022.
             Slain by Ijyb
             ... wielding a +0 club
              (4 damage)
             ... on level 3 of the Dungeon.
             The game lasted 00:02:59 (2277 turns).

SanguineChosen the Shield-Bearer (Gargoyle Fighter) Turns: 2277, Time: 00:02:59

Health: -1/29      AC:  2    Str: 21    XL:     4   Next: 24%
Magic:  4/4        EV:  9    Int:  9    God:
Gold:   97         SH:  5    Dex: 15    Spells: 3/3 levels left

rFire   . . .      SeeInvis .   g - +4 short sword
rCold   + . .      Faith    .   c - +0 buckler
rNeg    + . .      Spirit   .   b - +0 scale mail
rPois   ∞          Reflect  .   (no helmet)
rElec   +          Harm     .   (no cloak)
rCorr   .          Rampage  .   (no gloves)
Will    .....                   (no boots)
Stlth   ..........              (no amulet)
HPRegen 0.09/turn               i - +6 ring of dexterity
MPRegen 0.09/turn               m - ring of protection from cold

@: mighty, corroded
A: sickness immunity, AC +3, negative energy resistance 1, electricity
resistance, torment resistance 1, petrification resistance
a: no special abilities


You were on level 3 of the Dungeon.
You visited 1 branch of the dungeon, and saw 3 of its levels.

You collected 97 gold pieces.

Inventory:

Hand Weapons
 a - a +0 flail
 g - a +4 short sword (weapon)
Armour
 b - a +0 scale mail (worn)
 c - a +0 buckler (worn)
Jewellery
 i - a +6 ring of dexterity (left hand)
 m - a ring of protection from cold (right hand)
Scrolls
 e - a scroll of immolation {unknown}
 f - a scroll of enchant weapon {unknown}
 j - a scroll of teleportation {unknown}
 k - a scroll of identify {unknown}
Potions
 h - a potion of lignification {unknown}
 l - a potion of attraction {unknown}


   Skills:
 + Level 3.7 Fighting
 + Level 0.8 Short Blades
 + Level 2.7 Maces & Flails
 + Level 3.7 Armour
 + Level 0.3 Dodging
 + Level 0.2 Stealth
 + Level 3.8 Shields


You had 3 spell levels left.
You didn't know any spells.
Your spell library contained the following spells:

 Spells                   Type           Power      Damage    Failure   Level
 Corpse Rot               Necr/Air       0%         N/A       91%         2
 Poisonous Vapours        Pois/Air       0%         N/A       91%         2


Dungeon Overview and Level Annotations

Branches:
Dungeon (3/15)

Altars:

Annotations:
D:3 Ijyb


Innate Abilities, Weirdness & Mutations

You are immune to sickness and miasma.
Your stone body is resilient. (AC +3)
You are immune to poison.
You resist negative energy. (rN+)
You are resistant to electric shocks. (rElec)
You are resistant to unholy torment.
You are immune to petrification.


Message History

You kill the adder!
No target in view!
No target in view!
No target in view!
No target in view!
No target in view!
You start resting.
HP restored.
Found a mace.
There is a stone staircase leading down here.
You now have 97 gold pieces (gained 1).
Done exploring.
Done exploring.
Done exploring.
There is a stone staircase leading down here.
You climb downwards.
Ijyb shouts!
Found a chain mail.
There is a stone staircase leading up here.
Ijyb zaps a wand.
The bolt of acid hits you. The acid corrodes you! You block Ijyb's attack.
You hit Ijyb but do no damage. Ijyb hits you with a +0 club.
You hit Ijyb but do no damage.
Ijyb zaps a wand.
The bolt of acid hits you!!
Ouch! That really hurt!
* * * LOW HITPOINT WARNING * * *
The acid corrodes you!
You are too injured to fight recklessly!
You are too injured to fight recklessly!
You are too injured to fight recklessly!
You are too injured to fight recklessly!
You are too injured to fight recklessly!
You are too injured to fight recklessly!
You are too injured to fight recklessly!
You are too injured to fight recklessly!
You feel very mighty all of a sudden. Ijyb barely misses you.
You hit Ijyb.
Ijyb is lightly wounded.
Ijyb hits you with a +0 club.
You die...

##. #.. #... #...
. ###...#####
##...
..........##[.....
..........@g......
.......<..##......
###...##### .....
#.. #... #. .. # .


You could see Ijyb.

Vanquished Creatures
  3 adders (D:2)
  A dart slug (D:1)
  3 ball pythons
  2 bats
  5 endoplasms
  3 giant cockroaches
  4 goblins
  4 hobgoblins (D:1)
  6 kobolds
  A quokka (D:2)
  4 frilled lizards
  6 rats
42 creatures vanquished.

Notes
Turn   | Place    | Note
-------+----------+-------------------------------------------
     0 | D:1      | SanguineChosen the Gargoyle Fighter began the quest for the
                  | Orb.
     0 | D:1      | Reached XP level 1. HP: 14/14 MP: 1/1
   466 | D:1      | Reached XP level 2. HP: 16/19 MP: 2/2
   607 | D:1      | Noticed a shining eye
   618 | D:1      | Noticed a great orb of eyes
   619 | D:1      | Found a faded altar of an unknown god.
   785 | D:1      | Noticed a floating eye
   785 | D:1      | Noticed a great orb of eyes
  1035 | D:1      | Reached XP level 3. HP: 23/23 MP: 3/3
  1848 | D:2      | Reached XP level 4. HP: 29/29 MP: 4/4
  2270 | D:3      | Noticed Ijyb
  2277 | D:3      | Slain by Ijyb

Illustrated notes

Levels and vault maps discovered:
D:1:      dpeg_arrival_three_same_balls, layout_basic,
          hellmonk_ecumenical_altar_watching_god
D:2:      layout_loops_corners, chequers_serial_rivers_micro_a
D:3:      layout_loops_cross, cheibrodos_gnoll_hut, uniq_ijyb

Action                   |  1- 3 |  4- 6 || total
-------------------------+-------+-------++-------
Melee: Flail             |    75 |       ||    75
       Short sword       |    57 |    18 ||    75
  Use: Potion            |       |     1 ||     1
Armor: Scale mail        |    58 |     6 ||    64
Dodge: Dodged            |    60 |     8 ||    68
Block: Buckler           |    27 |     5 ||    32
